[ AOE2 MATCH · #483292993 ]
UnrankedLithuanians vs Franks
[ REPLAY ANALYSIS · EXTRACTED FROM THE RECORDED GAME ]
Feudal
10:34
Castle
16:59
Imperial
29:50
| APM avg | 16.8 |
| APM peak | 83 |
| eAPM avg | 12.3 |
| Villagers / military | 122 / 109 |
Focus
⚔️ 19.7% · 🌾 80.3%
Knight ×79 · Leitis ×28 · Monk ×2
Feudal
10:26
Castle
14:53
Imperial
29:45
| APM avg | 46.9 |
| APM peak | 149 |
| eAPM avg | 20.4 |
| Villagers / military | 124 / 200 |
Focus
⚔️ 26.4% · 🌾 73.6%
Mangudai ×135 · Mangonel ×44 · Spearman ×15 · Trebuchet (Packed) ×4 · Monk ×2
Feudal
11:36
Castle
18:34
Imperial
30:40
| APM avg | 14.2 |
| APM peak | 50 |
| eAPM avg | 10.0 |
| Villagers / military | 77 / 129 |
Focus
⚔️ 38.9% · 🌾 61.1%
Scout Cavalry ×67 · Skirmisher ×37 · Knight ×24 · Monk ×1
Feudal
11:36
Castle
16:36
Imperial
32:31
| APM avg | 33.2 |
| APM peak | 78 |
| eAPM avg | 17.9 |
| Villagers / military | 146 / 186 |
Focus
⚔️ 23.8% · 🌾 76.2%
Camel Scout ×164 · Ghulam ×12 · Trebuchet (Packed) ×8 · Scout Cavalry ×2
Feudal
11:56
Castle
16:52
Imperial
27:44
| APM avg | 14.0 |
| APM peak | 63 |
| eAPM avg | 9.8 |
| Villagers / military | 72 / 31 |
Focus
⚔️ 22.0% · 🌾 78.0%
Konnik ×26 · Trebuchet (Packed) ×5
Feudal
11:23
Castle
18:58
Imperial
32:32
| APM avg | 27.6 |
| APM peak | 73 |
| eAPM avg | 15.3 |
| Villagers / military | 96 / 141 |
Focus
⚔️ 25.2% · 🌾 74.8%
Knight ×74 · Skirmisher ×40 · Teutonic Knight ×17 · Trebuchet (Packed) ×10
Match map
Initial resources + every placement click. Lines = walls · curves = elevation contours. ◆ gold · ⬟ stone · ● berries · ✦ relic · ◌ wall gap
Your base· ✓ Closed at 16:59 · 0t walls · 3 gate(s)
LB_小小leo's base· ✓ Closed at 14:53 · 0t walls · 2 gate(s)
一拍车拍死你全家's base· ✓ Closed at 18:34 · 0t walls · 2 gate(s)
Up1set's base· ✓ Closed at 16:36 · 0t walls · 2 gate(s)
傲娇's base· ✓ Closed at 16:52 · 0t walls · 2 gate(s)
Tsukitech's base· ✓ Closed at 18:58 · 0t walls · 3 gate(s)
Smoothed initial terrain · ◌ = detected wall gap · hover for details
Inputs per minute
— 喜多川海梦 - - LB_小小leo
Build order — 喜多川海梦
First 150 of 308 actions detected
| 0:04 | Create | Villager (Male) ×5 |
| 0:04 | Create | Villager (Male) |
| 0:05 | Create | Villager (Male) |
| 0:08 | Build | House |
| 0:12 | Build | House |
| 1:50 | Create | Villager (Male) |
| 3:11 | Create | Villager (Male) |
| 3:11 | Create | Villager (Male) |
| 3:11 | Create | Villager (Male) |
| 3:12 | Create | Villager (Male) |
| 3:12 | Create | Villager (Male) |
| 3:42 | Build | House |
| 4:05 | Create | Villager (Male) |
| 4:05 | Create | Villager (Male) |
| 4:07 | Create | Villager (Male) |
| 4:26 | Create | Villager (Male) |
| 5:03 | Build | Mill |
| 5:23 | Create | Villager (Male) |
| 5:23 | Create | Villager (Male) |
| 6:21 | Build | House |
| 7:14 | Build | Lumber Camp |
| 8:24 | Research | Feudal Age |
| 10:02 | Build | House |
| 10:04 | Build | House |
| 10:06 | Build | House |
| 10:11 | Create | Villager (Male) |
| 10:13 | Create | Villager (Male) |
| 10:13 | Create | Villager (Male) |
| 10:14 | Create | Villager (Male) |
| 10:14 | Create | Villager (Male) |
| 10:14 | Create | Villager (Male) |
| 10:14 | Create | Villager (Male) |
| 10:34 | Age | Feudal Age |
| 10:42 | Build | Market |
| 11:01 | Build | Farm |
| 11:01 | Build | Farm |
| 11:02 | Build | Farm |
| 11:02 | Build | Farm |
| 11:15 | Build | Mill |
| 11:26 | Build | Blacksmith |
| 12:51 | Build | Farm |
| 14:19 | Research | Castle Age |
| 15:19 | Create | Villager (Male) |
| 15:19 | Create | Villager (Male) |
| 15:20 | Create | Villager (Male) |
| 15:20 | Create | Villager (Male) |
| 15:23 | Create | Villager (Male) |
| 15:52 | Create | Villager (Male) |
| 15:53 | Create | Villager (Male) |
| 16:13 | Build | House |
| 16:14 | Build | House |
| 16:15 | Build | House |
| 16:16 | Build | House |
| 16:59 | Age | Castle Age |
| 17:29 | Build | Farm |
| 17:37 | Build | Monastery |
| 17:50 | Build | Town Center |
| 17:57 | Build | Farm |
| 18:13 | Build | Farm |
| 18:13 | Build | Farm |
| 18:14 | Build | Farm |
| 18:25 | Build | Mining Camp |
| 18:30 | Build | Farm |
| 18:38 | Build | Farm |
| 18:42 | Build | Farm |
| 19:01 | Build | Farm |
| 19:10 | Build | Farm |
| 19:27 | Create | Monk |
| 19:43 | Create | Villager (Male) |
| 19:43 | Create | Villager (Male) |
| 19:43 | Create | Villager (Male) |
| 19:47 | Create | Villager (Male) |
| 19:47 | Create | Villager (Male) |
| 19:52 | Build | Farm |
| 20:03 | Build | Farm |
| 20:14 | Create | Monk |
| 20:42 | Build | Farm |
| 20:49 | Create | Villager (Male) |
| 20:49 | Create | Villager (Male) |
| 20:52 | Create | Villager (Male) |
| 20:53 | Create | Villager (Male) |
| 21:16 | Build | Farm |
| 21:45 | Create | Villager (Male) |
| 21:46 | Create | Villager (Male) |
| 21:46 | Create | Villager (Male) |
| 21:49 | Create | Villager (Male) |
| 21:49 | Create | Villager (Male) |
| 21:49 | Create | Villager (Male) |
| 21:58 | Build | Town Center |
| 22:31 | Build | Farm |
| 22:32 | Build | Farm |
| 22:32 | Build | Farm |
| 22:40 | Build | Farm |
| 23:35 | Create | Villager (Male) |
| 23:35 | Create | Villager (Male) |
| 23:35 | Create | Villager (Male) |
| 23:44 | Build | House |
| 23:45 | Build | House |
| 23:50 | Create | Villager (Male) |
| 23:51 | Create | Villager (Male) |
| 23:51 | Create | Villager (Male) |
| 23:54 | Create | Villager (Male) |
| 23:55 | Create | Villager (Male) |
| 23:55 | Create | Villager (Male) |
| 24:05 | Research | Double-Bit Axe |
| 24:09 | Research | Horse Collar |
| 24:25 | Build | Barracks |
| 24:31 | Build | House |
| 24:33 | Build | House |
| 24:34 | Build | House |
| 24:35 | Build | House |
| 24:40 | Create | Villager (Male) |
| 24:40 | Create | Villager (Male) |
| 24:43 | Create | Villager (Male) |
| 24:43 | Create | Villager (Male) |
| 24:46 | Create | Villager (Male) |
| 24:46 | Create | Villager (Male) |
| 25:21 | Build | University |
| 25:31 | Build | Stable |
| 25:32 | Build | Stable |
| 25:34 | Build | Stable |
| 25:50 | Create | Villager (Male) |
| 25:50 | Create | Villager (Male) |
| 25:50 | Create | Villager (Male) |
| 25:53 | Create | Villager (Male) |
| 25:53 | Create | Villager (Male) |
| 25:54 | Create | Villager (Male) |
| 25:56 | Create | Villager (Male) |
| 25:56 | Create | Villager (Male) |
| 25:56 | Create | Villager (Male) |
| 26:03 | Research | Forging |
| 26:04 | Research | Scale Mail Armor |
| 26:37 | Research | Imperial Age |
| 27:00 | Build | Farm |
| 27:22 | Build | Farm |
| 27:34 | Build | Mill |
| 27:37 | Build | Farm |
| 27:37 | Build | Farm |
| 27:37 | Build | Farm |
| 27:38 | Build | Farm |
| 27:38 | Build | Farm |
| 27:39 | Build | Farm |
| 27:51 | Research | Husbandry |
| 27:55 | Research | Iron Casting |
| 28:04 | Build | Farm |
| 28:19 | Build | Farm |
| 28:19 | Build | Farm |
| 28:19 | Build | Farm |
| 28:20 | Build | Farm |
| 28:20 | Build | Farm |
Build order — LB_小小leo
First 150 of 344 actions detected
| 0:01 | Create | Villager (Male) |
| 0:02 | Create | Villager (Male) |
| 0:03 | Build | House |
| 0:04 | Build | House |
| 0:38 | Create | Villager (Male) |
| 0:51 | Create | Villager (Male) |
| 1:33 | Create | Villager (Male) |
| 1:44 | Build | Lumber Camp |
| 2:02 | Create | Villager (Male) |
| 2:25 | Create | Villager (Male) |
| 2:49 | Create | Villager (Male) |
| 3:06 | Create | Villager (Male) |
| 3:31 | Create | Villager (Male) |
| 3:48 | Build | House |
| 3:51 | Create | Villager (Male) |
| 4:16 | Build | Mill |
| 4:25 | Create | Villager (Male) |
| 4:54 | Create | Villager (Male) |
| 5:29 | Create | Villager (Male) |
| 5:49 | Create | Villager (Male) |
| 5:55 | Create | Villager (Male) |
| 5:57 | Build | House |
| 6:08 | Create | Villager (Male) |
| 6:42 | Create | Villager (Male) |
| 7:51 | Create | Villager (Male) |
| 7:56 | Research | Feudal Age |
| 9:37 | Build | Farm |
| 10:05 | Build | Farm |
| 10:09 | Build | Farm |
| 10:13 | Build | Farm |
| 10:24 | Build | Farm |
| 10:26 | Build | Farm |
| 10:26 | Age | Feudal Age |
| 10:29 | Create | Villager (Male) |
| 10:30 | Create | Villager (Male) |
| 10:30 | Create | Villager (Male) |
| 10:37 | Build | House |
| 10:52 | Build | Blacksmith |
| 10:59 | Build | Market |
| 11:11 | Create | Villager (Male) |
| 11:40 | Create | Villager (Male) |
| 11:59 | Research | Castle Age |
| 12:35 | Build | Mining Camp |
| 13:08 | Research | Double-Bit Axe |
| 13:34 | Build | House |
| 13:35 | Build | House |
| 14:53 | Age | Castle Age |
| 15:04 | Build | Town Center |
| 15:17 | Build | Town Center |
| 15:23 | Create | Villager (Male) |
| 15:23 | Create | Villager (Male) |
| 15:24 | Create | Villager (Male) |
| 15:37 | Create | Villager (Male) |
| 15:37 | Create | Villager (Male) |
| 16:15 | Build | Town Center |
| 16:45 | Create | Villager (Male) |
| 16:46 | Create | Villager (Male) |
| 16:46 | Create | Villager (Male) |
| 16:54 | Build | Farm |
| 16:55 | Build | Farm |
| 16:56 | Build | Farm |
| 17:03 | Create | Villager (Male) |
| 17:04 | Create | Villager (Male) |
| 17:17 | Build | Farm |
| 17:28 | Build | Farm |
| 17:29 | Create | Villager (Male) |
| 17:30 | Create | Villager (Male) |
| 17:31 | Create | Villager (Male) |
| 17:33 | Create | Villager (Male) |
| 17:37 | Create | Villager (Male) |
| 17:42 | Build | Farm |
| 17:58 | Create | Villager (Male) |
| 18:00 | Create | Villager (Male) |
| 18:10 | Create | Villager (Male) |
| 18:11 | Create | Villager (Male) |
| 18:16 | Build | Farm |
| 18:17 | Build | Farm |
| 18:22 | Build | Farm |
| 18:28 | Build | Farm |
| 18:29 | Create | Villager (Male) |
| 18:30 | Create | Villager (Male) |
| 18:45 | Build | Farm |
| 18:50 | Build | Farm |
| 19:01 | Create | Villager (Male) |
| 19:03 | Create | Villager (Male) |
| 19:04 | Create | Villager (Male) |
| 19:10 | Build | Farm |
| 19:11 | Build | Farm |
| 19:19 | Create | Villager (Male) |
| 19:21 | Create | Villager (Male) |
| 19:29 | Create | Villager (Male) |
| 19:44 | Create | Villager (Male) |
| 19:57 | Build | Farm |
| 19:59 | Build | Farm |
| 20:01 | Build | Farm |
| 20:02 | Build | Farm |
| 20:09 | Build | Mill |
| 20:12 | Create | Villager (Male) |
| 20:13 | Create | Villager (Male) |
| 20:15 | Create | Villager (Male) |
| 20:18 | Build | House |
| 20:19 | Build | House |
| 20:38 | Build | Farm |
| 20:39 | Build | Farm |
| 20:43 | Build | Farm |
| 20:59 | Build | House |
| 21:04 | Create | Villager (Male) |
| 21:05 | Create | Villager (Male) |
| 21:06 | Create | Villager (Male) |
| 21:06 | Create | Villager (Male) |
| 21:09 | Research | Wheelbarrow |
| 21:20 | Create | Villager (Male) |
| 21:22 | Create | Villager (Male) |
| 21:22 | Create | Villager (Male) |
| 21:32 | Build | House |
| 21:33 | Build | House |
| 21:38 | Create | Villager (Male) |
| 21:40 | Create | Villager (Male) |
| 21:41 | Create | Villager (Male) |
| 21:51 | Build | Farm |
| 21:56 | Build | Farm |
| 22:00 | Create | Villager (Male) |
| 22:01 | Create | Villager (Male) |
| 22:02 | Create | Villager (Male) |
| 22:14 | Build | Farm |
| 22:16 | Build | Farm |
| 22:17 | Build | Farm |
| 22:18 | Build | Farm |
| 22:20 | Create | Villager (Male) |
| 22:21 | Create | Villager (Male) |
| 22:21 | Create | Villager (Male) |
| 22:28 | Build | House |
| 22:29 | Build | House |
| 22:30 | Build | House |
| 22:45 | Build | Farm |
| 22:46 | Build | Farm |
| 22:47 | Build | Farm |
| 22:51 | Create | Villager (Male) |
| 22:53 | Create | Villager (Male) |
| 22:54 | Create | Villager (Male) |
| 23:10 | Build | Castle |
| 23:12 | Create | Villager (Male) |
| 23:14 | Create | Villager (Male) |
| 23:15 | Create | Villager (Male) |
| 23:16 | Create | Villager (Male) |
| 23:28 | Build | Mining Camp |
| 23:30 | Create | Villager (Male) |
| 23:31 | Create | Villager (Male) |
| 23:32 | Create | Villager (Male) |
| 23:32 | Create | Villager (Male) |
Build order — 一拍车拍死你全家
First 150 of 291 actions detected
| 0:14 | Build | House |
| 0:19 | Create | Villager (Male) |
| 0:20 | Create | Villager (Male) |
| 0:54 | Create | Villager (Male) |
| 1:21 | Create | Villager (Male) |
| 2:05 | Build | Lumber Camp |
| 2:13 | Create | Villager (Male) |
| 2:13 | Create | Villager (Male) |
| 2:24 | Build | House |
| 2:55 | Create | Villager (Male) |
| 3:23 | Create | Villager (Male) |
| 3:54 | Create | Villager (Male) |
| 4:11 | Create | Villager (Male) |
| 4:25 | Build | Mill |
| 4:41 | Create | Villager (Male) |
| 5:02 | Build | House |
| 5:09 | Create | Villager (Male) |
| 6:13 | Create | Villager (Male) |
| 6:44 | Create | Villager (Male) |
| 7:09 | Create | Villager (Male) |
| 7:15 | Build | House |
| 7:39 | Create | Villager (Male) |
| 8:27 | Create | Villager (Male) |
| 8:42 | Build | Mining Camp |
| 9:26 | Research | Feudal Age |
| 10:03 | Create | Villager (Male) |
| 10:22 | Build | Farm |
| 10:23 | Build | Farm |
| 10:23 | Build | Farm |
| 10:23 | Build | Farm |
| 10:24 | Build | Farm |
| 10:25 | Build | Farm |
| 10:40 | Build | Mining Camp |
| 11:35 | Create | Villager (Male) |
| 11:36 | Age | Feudal Age |
| 11:41 | Build | Blacksmith |
| 11:55 | Build | Market |
| 12:21 | Create | Villager (Male) |
| 12:22 | Create | Villager (Male) |
| 12:41 | Build | Farm |
| 12:47 | Build | Farm |
| 12:55 | Create | Villager (Male) |
| 13:04 | Build | House |
| 13:56 | Create | Villager (Male) |
| 14:02 | Build | Farm |
| 14:25 | Research | Town Watch |
| 14:28 | Create | Villager (Male) |
| 15:01 | Build | House |
| 15:54 | Research | Castle Age |
| 16:03 | Create | Villager (Male) |
| 16:21 | Build | Farm |
| 16:21 | Build | Farm |
| 16:43 | Create | Villager (Male) |
| 18:25 | Build | House |
| 18:34 | Age | Castle Age |
| 18:34 | Create | Villager (Male) |
| 18:42 | Build | Town Center |
| 18:49 | Create | Villager (Male) |
| 19:20 | Build | Monastery |
| 19:35 | Create | Villager (Male) |
| 19:42 | Build | Farm |
| 19:43 | Build | Farm |
| 19:43 | Build | Farm |
| 20:16 | Build | University |
| 20:30 | Create | Villager (Male) |
| 20:44 | Build | Town Center |
| 20:55 | Create | Villager (Male) |
| 20:57 | Create | Villager (Male) |
| 20:57 | Create | Villager (Male) |
| 21:08 | Create | Villager (Male) |
| 21:16 | Build | House |
| 21:17 | Build | House |
| 21:18 | Build | House |
| 21:19 | Build | House |
| 21:21 | Build | House |
| 21:21 | Build | House |
| 21:24 | Build | House |
| 21:25 | Build | House |
| 21:30 | Create | Villager (Male) |
| 21:36 | Create | Villager (Male) |
| 21:51 | Create | Villager (Male) |
| 22:20 | Create | Villager (Male) |
| 22:23 | Create | Villager (Male) |
| 22:23 | Create | Villager (Male) |
| 22:41 | Create | Monk |
| 22:57 | Create | Villager (Male) |
| 23:00 | Create | Villager (Male) |
| 23:16 | Research | Double-Bit Axe |
| 23:32 | Create | Villager (Male) |
| 23:35 | Create | Villager (Male) |
| 23:37 | Create | Villager (Male) |
| 23:37 | Create | Villager (Male) |
| 23:47 | Build | Mining Camp |
| 24:20 | Build | Castle |
| 24:34 | Create | Villager (Male) |
| 24:34 | Create | Villager (Male) |
| 24:36 | Research | Wheelbarrow |
| 24:37 | Create | Villager (Male) |
| 24:37 | Create | Villager (Male) |
| 24:40 | Create | Villager (Male) |
| 24:40 | Create | Villager (Male) |
| 25:18 | Build | Farm |
| 25:18 | Build | Farm |
| 25:19 | Build | Farm |
| 25:19 | Build | Farm |
| 25:25 | Create | Villager (Male) |
| 25:28 | Create | Villager (Male) |
| 25:29 | Create | Villager (Male) |
| 25:57 | Build | Barracks |
| 26:16 | Create | Villager (Male) |
| 26:19 | Create | Villager (Male) |
| 26:21 | Create | Villager (Male) |
| 26:23 | Create | Villager (Male) |
| 26:24 | Create | Villager (Male) |
| 26:30 | Build | Farm |
| 26:30 | Build | Farm |
| 26:30 | Build | Farm |
| 27:26 | Create | Villager (Male) |
| 27:26 | Create | Villager (Male) |
| 27:30 | Research | Imperial Age |
| 27:32 | Create | Villager (Male) |
| 27:33 | Create | Villager (Male) |
| 27:36 | Create | Villager (Male) |
| 27:36 | Create | Villager (Male) |
| 28:16 | Build | Stable |
| 28:19 | Build | Stable |
| 28:21 | Build | Stable |
| 28:23 | Build | Stable |
| 28:25 | Build | Stable |
| 28:26 | Build | Stable |
| 28:51 | Create | Villager (Male) |
| 28:51 | Create | Villager (Male) |
| 28:53 | Research | Hand Cart |
| 28:56 | Create | Villager (Male) |
| 28:56 | Create | Villager (Male) |
| 29:04 | Build | Mining Camp |
| 29:11 | Create | Villager (Male) |
| 29:11 | Create | Villager (Male) |
| 29:22 | Research | Bow Saw |
| 29:51 | Research | Husbandry |
| 29:57 | Research | Scale Barding Armor |
| 29:57 | Research | Forging |
| 30:10 | Build | Farm |
| 30:10 | Build | Farm |
| 30:18 | Build | Farm |
| 30:19 | Build | Farm |
| 30:19 | Build | Farm |
| 30:38 | Create | Knight |
| 30:38 | Create | Knight |
| 30:39 | Create | Knight |
Build order — Up1set
First 150 of 398 actions detected
| 0:04 | Build | House |
| 0:06 | Build | House |
| 0:09 | Create | Villager (Male) |
| 0:09 | Create | Villager (Male) |
| 0:09 | Create | Villager (Male) |
| 0:10 | Create | Villager (Male) |
| 1:54 | Build | Lumber Camp |
| 1:56 | Create | Villager (Male) |
| 1:58 | Create | Villager (Male) |
| 2:49 | Create | Villager (Male) |
| 2:51 | Create | Villager (Male) |
| 3:36 | Create | Villager (Male) |
| 4:03 | Build | House |
| 4:11 | Build | Mill |
| 4:13 | Create | Villager (Male) |
| 4:14 | Create | Villager (Male) |
| 5:10 | Create | Villager (Male) |
| 5:11 | Create | Villager (Male) |
| 5:48 | Create | Villager (Male) |
| 6:06 | Build | House |
| 6:16 | Create | Villager (Male) |
| 6:46 | Create | Villager (Male) |
| 7:11 | Create | Villager (Male) |
| 7:46 | Create | Villager (Male) |
| 8:01 | Build | House |
| 8:10 | Create | Villager (Male) |
| 8:36 | Create | Villager (Male) |
| 8:59 | Create | Villager (Male) |
| 9:20 | Research | Feudal Age |
| 9:46 | Build | Mining Camp |
| 11:02 | Build | Farm |
| 11:16 | Create | Villager (Male) |
| 11:36 | Age | Feudal Age |
| 11:53 | Build | Farm |
| 11:58 | Build | Farm |
| 12:02 | Build | Farm |
| 12:05 | Build | Farm |
| 12:14 | Create | Villager (Male) |
| 12:25 | Build | Market |
| 12:40 | Build | House |
| 12:50 | Create | Villager (Male) |
| 13:14 | Create | Villager (Male) |
| 13:21 | Build | Blacksmith |
| 13:39 | Create | Villager (Male) |
| 13:56 | Research | Castle Age |
| 13:58 | Create | Villager (Male) |
| 14:06 | Build | Mining Camp |
| 14:32 | Build | Farm |
| 14:32 | Build | Farm |
| 14:32 | Build | Farm |
| 14:41 | Build | Farm |
| 14:42 | Build | Farm |
| 14:43 | Build | Farm |
| 14:52 | Build | Farm |
| 15:08 | Build | Farm |
| 15:11 | Build | Farm |
| 15:38 | Create | Villager (Male) |
| 15:51 | Research | Horse Collar |
| 15:56 | Research | Double-Bit Axe |
| 16:34 | Create | Villager (Male) |
| 16:36 | Age | Castle Age |
| 16:44 | Research | Stone Mining |
| 17:08 | Research | Wheelbarrow |
| 17:31 | Build | House |
| 18:04 | Build | Castle |
| 18:06 | Create | Villager (Male) |
| 18:10 | Build | House |
| 18:11 | Build | House |
| 18:15 | Research | Stone Shaft Mining |
| 18:18 | Research | Gold Mining |
| 18:42 | Create | Villager (Male) |
| 18:48 | Research | Bow Saw |
| 19:27 | Create | Villager (Male) |
| 19:28 | Create | Villager (Male) |
| 20:00 | Build | Town Center |
| 20:33 | Create | Villager (Male) |
| 20:39 | Build | Farm |
| 20:55 | Create | Villager (Male) |
| 21:16 | Create | Villager (Male) |
| 21:28 | Create | Villager (Male) |
| 21:28 | Create | Villager (Male) |
| 21:39 | Create | Villager (Male) |
| 21:49 | Create | Villager (Male) |
| 21:50 | Create | Villager (Male) |
| 22:10 | Create | Villager (Male) |
| 22:11 | Create | Villager (Male) |
| 22:16 | Build | University |
| 22:19 | Create | Villager (Male) |
| 22:30 | Build | Farm |
| 22:44 | Build | Farm |
| 22:55 | Build | Farm |
| 23:05 | Build | Farm |
| 23:07 | Create | Villager (Male) |
| 23:07 | Create | Villager (Male) |
| 23:10 | Research | Heavy Plow |
| 23:25 | Build | Farm |
| 23:27 | Build | Farm |
| 23:36 | Create | Villager (Male) |
| 23:37 | Create | Villager (Male) |
| 23:39 | Create | Villager (Male) |
| 23:51 | Build | Farm |
| 23:55 | Build | Farm |
| 23:59 | Create | Villager (Male) |
| 24:11 | Create | Villager (Male) |
| 24:12 | Create | Villager (Male) |
| 24:16 | Build | Farm |
| 24:31 | Build | Farm |
| 24:37 | Create | Villager (Male) |
| 24:37 | Create | Villager (Male) |
| 24:43 | Build | Farm |
| 25:16 | Create | Villager (Male) |
| 25:16 | Create | Villager (Male) |
| 25:36 | Create | Villager (Male) |
| 25:37 | Create | Villager (Male) |
| 25:39 | Create | Villager (Male) |
| 25:45 | Build | Farm |
| 25:49 | Create | Villager (Male) |
| 25:49 | Create | Villager (Male) |
| 26:19 | Build | Castle |
| 26:31 | Research | Scale Barding Armor |
| 26:31 | Research | Padded Archer Armor |
| 26:32 | Research | Fletching |
| 26:34 | Research | Hand Cart |
| 27:01 | Build | Monastery |
| 27:03 | Create | Villager (Male) |
| 27:03 | Create | Villager (Male) |
| 27:05 | Create | Villager (Male) |
| 27:06 | Create | Villager (Male) |
| 27:43 | Create | Villager (Male) |
| 27:44 | Create | Villager (Male) |
| 27:45 | Create | Villager (Male) |
| 27:45 | Create | Villager (Male) |
| 28:06 | Build | Barracks |
| 28:12 | Build | Siege Workshop |
| 28:20 | Research | Fortified Wall (upgrade) |
| 28:36 | Build | House |
| 28:38 | Build | House |
| 28:40 | Build | House |
| 28:43 | Build | House |
| 28:45 | Build | House |
| 28:52 | Create | Villager (Male) |
| 28:52 | Create | Villager (Male) |
| 28:53 | Create | Villager (Male) |
| 28:54 | Create | Villager (Male) |
| 29:05 | Build | Stable |
| 29:09 | Build | Stable |
| 29:13 | Create | Villager (Male) |
| 29:14 | Create | Villager (Male) |
| 29:20 | Research | Imperial Age |
| 29:50 | Research | Husbandry |
Build order — 傲娇
First 150 of 167 actions detected
| 0:47 | Create | Villager (Male) |
| 0:48 | Create | Villager (Male) |
| 0:48 | Create | Villager (Male) |
| 1:18 | Build | House |
| 2:08 | Build | House |
| 2:18 | Create | Villager (Male) |
| 2:18 | Create | Villager (Male) |
| 2:19 | Create | Villager (Male) |
| 2:19 | Create | Villager (Male) |
| 3:58 | Build | Lumber Camp |
| 4:28 | Create | Villager (Male) |
| 4:29 | Create | Villager (Male) |
| 4:55 | Build | House |
| 6:04 | Build | House |
| 7:34 | Create | Villager (Male) |
| 7:34 | Create | Villager (Male) |
| 7:34 | Create | Villager (Male) |
| 7:34 | Create | Villager (Male) |
| 8:40 | Build | Mill |
| 9:41 | Build | Mining Camp |
| 9:46 | Research | Feudal Age |
| 11:56 | Age | Feudal Age |
| 12:07 | Create | Villager (Male) |
| 12:07 | Create | Villager (Male) |
| 12:07 | Create | Villager (Male) |
| 12:08 | Create | Villager (Male) |
| 12:08 | Create | Villager (Male) |
| 12:54 | Build | Blacksmith |
| 13:42 | Build | Market |
| 14:10 | Research | Castle Age |
| 14:30 | Build | Mining Camp |
| 15:06 | Build | Lumber Camp |
| 15:23 | Create | Villager (Male) |
| 15:23 | Create | Villager (Male) |
| 15:24 | Create | Villager (Male) |
| 15:24 | Create | Villager (Male) |
| 15:24 | Create | Villager (Male) |
| 16:51 | Research | Double-Bit Axe |
| 16:52 | Age | Castle Age |
| 17:10 | Research | Wheelbarrow |
| 18:07 | Build | Town Center |
| 19:25 | Build | Castle |
| 20:00 | Build | Farm |
| 20:07 | Build | Farm |
| 20:09 | Build | Farm |
| 20:15 | Build | Farm |
| 20:17 | Build | Farm |
| 20:21 | Build | Farm |
| 20:25 | Build | Farm |
| 21:06 | Build | University |
| 22:17 | Research | Guard Tower (upgrade) |
| 22:27 | Research | Masonry |
| 22:58 | Build | Farm |
| 23:00 | Build | Farm |
| 23:02 | Build | Farm |
| 23:09 | Build | Farm |
| 23:21 | Build | Farm |
| 23:23 | Build | Farm |
| 23:27 | Build | Farm |
| 23:29 | Build | Farm |
| 23:32 | Build | Farm |
| 23:44 | Create | Villager (Male) |
| 23:45 | Create | Villager (Male) |
| 23:45 | Create | Villager (Male) |
| 23:45 | Create | Villager (Male) |
| 23:45 | Create | Villager (Male) |
| 23:45 | Create | Villager (Male) |
| 23:47 | Research | Imperial Age |
| 23:51 | Create | Villager (Male) |
| 23:51 | Create | Villager (Male) |
| 23:51 | Create | Villager (Male) |
| 23:51 | Create | Villager (Male) |
| 24:33 | Create | Villager (Male) |
| 24:34 | Create | Villager (Male) |
| 24:34 | Create | Villager (Male) |
| 24:34 | Create | Villager (Male) |
| 24:34 | Create | Villager (Male) |
| 24:35 | Create | Villager (Male) |
| 26:18 | Research | Hand Cart |
| 26:36 | Create | Villager (Male) |
| 26:36 | Create | Villager (Male) |
| 26:36 | Create | Villager (Male) |
| 26:36 | Create | Villager (Male) |
| 26:37 | Create | Villager (Male) |
| 26:37 | Create | Villager (Male) |
| 26:37 | Create | Villager (Male) |
| 26:37 | Create | Villager (Male) |
| 26:40 | Create | Villager (Male) |
| 26:46 | Create | Villager (Male) |
| 26:47 | Create | Villager (Male) |
| 26:47 | Create | Villager (Male) |
| 26:47 | Create | Villager (Male) |
| 26:47 | Create | Villager (Male) |
| 26:52 | Create | Villager (Male) |
| 26:52 | Create | Villager (Male) |
| 27:03 | Build | Town Center |
| 27:44 | Age | Imperial Age |
| 28:01 | Build | Town Center |
| 29:12 | Create | Villager (Male) |
| 29:12 | Create | Villager (Male) |
| 29:12 | Create | Villager (Male) |
| 29:13 | Create | Villager (Male) |
| 29:13 | Create | Villager (Male) |
| 29:13 | Create | Villager (Male) |
| 29:13 | Create | Villager (Male) |
| 29:14 | Create | Villager (Male) |
| 29:14 | Create | Villager (Male) |
| 29:14 | Create | Villager (Male) |
| 29:14 | Create | Villager (Male) |
| 29:15 | Create | Villager (Male) |
| 29:29 | Build | Castle |
| 29:40 | Research | Architecture |
| 29:44 | Research | Keep (upgrade) |
| 29:59 | Research | Murder Holes |
| 30:14 | Create | Villager (Male) |
| 30:14 | Create | Villager (Male) |
| 30:14 | Create | Villager (Male) |
| 30:14 | Create | Villager (Male) |
| 30:15 | Create | Villager (Male) |
| 30:30 | Build | Lumber Camp |
| 30:52 | Build | Farm |
| 31:14 | Build | Castle |
| 32:26 | Build | Watch Tower |
| 32:41 | Research | Elite Konnik (upgrade) |
| 33:59 | Build | Watch Tower |
| 34:26 | Research | Loom |
| 35:24 | Create | Konnik |
| 35:25 | Create | Konnik |
| 35:25 | Create | Konnik |
| 35:25 | Create | Konnik |
| 35:25 | Create | Konnik |
| 35:26 | Create | Konnik |
| 35:26 | Create | Konnik |
| 35:26 | Create | Konnik |
| 35:26 | Create | Konnik |
| 35:26 | Create | Konnik |
| 35:27 | Create | Konnik |
| 35:27 | Create | Konnik |
| 35:27 | Create | Konnik |
| 35:27 | Create | Konnik |
| 35:28 | Create | Konnik |
| 35:28 | Create | Konnik |
| 35:44 | Research | Bagains |
| 35:48 | Create | Trebuchet (Packed) |
| 35:48 | Create | Trebuchet (Packed) |
| 35:49 | Create | Trebuchet (Packed) |
| 35:49 | Create | Trebuchet (Packed) |
| 35:49 | Create | Trebuchet (Packed) |
| 36:13 | Build | Farm |
| 36:14 | Build | Farm |
Build order — Tsukitech
First 150 of 265 actions detected
| 0:05 | Build | House |
| 0:07 | Build | House |
| 0:45 | Create | Villager (Male) |
| 0:46 | Create | Villager (Male) |
| 1:17 | Create | Villager (Male) |
| 2:04 | Create | Villager (Male) |
| 2:25 | Create | Villager (Male) |
| 3:09 | Create | Villager (Male) |
| 3:39 | Build | Mill |
| 3:42 | Create | Villager (Male) |
| 3:45 | Create | Villager (Male) |
| 4:13 | Build | House |
| 4:19 | Create | Villager (Male) |
| 5:02 | Create | Villager (Male) |
| 5:05 | Create | Villager (Male) |
| 5:34 | Build | Lumber Camp |
| 6:20 | Create | Villager (Male) |
| 6:56 | Create | Villager (Male) |
| 7:25 | Build | Mining Camp |
| 7:26 | Create | Villager (Male) |
| 8:19 | Create | Villager (Male) |
| 8:48 | Create | Villager (Male) |
| 9:00 | Research | Feudal Age |
| 9:21 | Build | House |
| 10:48 | Create | Villager (Male) |
| 10:50 | Create | Villager (Male) |
| 11:23 | Age | Feudal Age |
| 11:27 | Research | Double-Bit Axe |
| 11:30 | Build | Farm |
| 11:30 | Build | Farm |
| 11:31 | Build | Farm |
| 11:31 | Build | Farm |
| 11:38 | Build | Farm |
| 11:40 | Build | Farm |
| 12:11 | Create | Villager (Male) |
| 12:22 | Create | Villager (Male) |
| 12:42 | Build | Blacksmith |
| 13:09 | Create | Villager (Male) |
| 13:12 | Create | Villager (Male) |
| 13:26 | Build | Market |
| 13:42 | Build | House |
| 14:10 | Build | House |
| 14:12 | Create | Villager (Male) |
| 14:53 | Create | Villager (Male) |
| 15:28 | Create | Villager (Male) |
| 15:30 | Create | Villager (Male) |
| 15:59 | Create | Villager (Male) |
| 16:05 | Research | Castle Age |
| 17:15 | Create | Villager (Male) |
| 17:16 | Create | Villager (Male) |
| 17:49 | Build | Outpost |
| 18:02 | Build | Lumber Camp |
| 18:58 | Age | Castle Age |
| 19:13 | Build | Town Center |
| 19:25 | Build | Town Center |
| 19:30 | Create | Villager (Male) |
| 19:31 | Create | Villager (Male) |
| 19:31 | Create | Villager (Male) |
| 19:49 | Build | Town Center |
| 19:58 | Build | Farm |
| 20:00 | Create | Villager (Male) |
| 20:00 | Create | Villager (Male) |
| 20:15 | Build | Farm |
| 20:38 | Build | Farm |
| 20:38 | Build | Farm |
| 20:38 | Build | Farm |
| 20:39 | Build | Farm |
| 20:39 | Build | Farm |
| 20:39 | Build | Farm |
| 20:56 | Build | Mining Camp |
| 21:08 | Create | Villager (Male) |
| 21:09 | Create | Villager (Male) |
| 21:09 | Create | Villager (Male) |
| 21:09 | Create | Villager (Male) |
| 21:10 | Create | Villager (Male) |
| 21:10 | Create | Villager (Male) |
| 21:11 | Create | Villager (Male) |
| 21:33 | Create | Villager (Male) |
| 21:33 | Create | Villager (Male) |
| 21:33 | Create | Villager (Male) |
| 21:40 | Build | Farm |
| 22:04 | Create | Villager (Male) |
| 22:07 | Create | Villager (Male) |
| 22:13 | Create | Villager (Male) |
| 22:14 | Create | Villager (Male) |
| 22:16 | Build | Farm |
| 22:18 | Build | Farm |
| 22:26 | Create | Villager (Male) |
| 22:28 | Create | Villager (Male) |
| 22:30 | Build | Farm |
| 22:32 | Build | Farm |
| 22:35 | Create | Villager (Male) |
| 22:43 | Build | Farm |
| 22:56 | Build | Farm |
| 22:58 | Create | Villager (Male) |
| 23:00 | Build | Farm |
| 23:08 | Create | Villager (Male) |
| 23:10 | Create | Villager (Male) |
| 23:22 | Build | House |
| 23:23 | Build | House |
| 23:24 | Build | House |
| 23:25 | Build | House |
| 23:26 | Build | House |
| 23:37 | Build | Farm |
| 24:06 | Create | Villager (Male) |
| 24:08 | Create | Villager (Male) |
| 24:10 | Create | Villager (Male) |
| 24:11 | Create | Villager (Male) |
| 24:12 | Create | Villager (Male) |
| 24:13 | Create | Villager (Male) |
| 24:14 | Create | Villager (Male) |
| 24:14 | Create | Villager (Male) |
| 24:23 | Research | Horse Collar |
| 24:28 | Create | Villager (Male) |
| 24:28 | Research | Loom |
| 24:31 | Build | Farm |
| 24:40 | Build | Farm |
| 24:47 | Build | Farm |
| 24:51 | Build | Farm |
| 24:56 | Create | Villager (Male) |
| 24:57 | Create | Villager (Male) |
| 24:59 | Research | Gold Mining |
| 25:00 | Research | Stone Mining |
| 25:02 | Create | Villager (Male) |
| 25:08 | Build | Farm |
| 25:12 | Build | Farm |
| 25:19 | Create | Villager (Male) |
| 25:22 | Create | Villager (Male) |
| 25:28 | Build | Farm |
| 25:31 | Create | Villager (Male) |
| 25:42 | Build | House |
| 25:43 | Build | House |
| 25:44 | Build | House |
| 25:44 | Build | House |
| 25:45 | Build | House |
| 26:01 | Create | Villager (Male) |
| 26:01 | Create | Villager (Male) |
| 26:02 | Create | Villager (Male) |
| 26:05 | Create | Villager (Male) |
| 26:05 | Create | Villager (Male) |
| 26:06 | Create | Villager (Male) |
| 26:09 | Build | Farm |
| 26:15 | Build | Farm |
| 26:15 | Build | Farm |
| 26:17 | Create | Villager (Male) |
| 26:18 | Create | Villager (Male) |
| 26:31 | Create | Villager (Male) |
| 26:43 | Build | Farm |
| 26:47 | Create | Villager (Male) |
| 26:48 | Create | Villager (Male) |
Match timeline
| 10:26 | LB_小小leo · age_up feudal |
| 10:34 | 喜多川海梦 · age_up feudal |
| 11:23 | Tsukitech · age_up feudal |
| 11:36 | 一拍车拍死你全家 · age_up feudal |
| 11:36 | Up1set · age_up feudal |
| 11:54 | LB_小小leo · first_market_sell 100 wood |
| 11:56 | 傲娇 · age_up feudal |
| 12:11 | 喜多川海梦 · first_market_sell 100 wood |
| 13:23 | 喜多川海梦 · first_market_buy 100 food |
| 14:53 | LB_小小leo · age_up castle |
| 15:44 | Tsukitech · first_market_sell 100 wood |
| 15:48 | Tsukitech · first_market_buy 100 food |
| 16:36 | Up1set · age_up castle |
| 16:52 | 傲娇 · age_up castle |
| 16:59 | 喜多川海梦 · age_up castle |
| 17:37 | 喜多川海梦 · first_building Monastery |
| 18:04 | Up1set · first_building Castle |
| 18:34 | 一拍车拍死你全家 · age_up castle |
| 18:58 | Tsukitech · age_up castle |
| 19:20 | 一拍车拍死你全家 · first_building Monastery |
| 19:25 | 傲娇 · first_building Castle |
| 23:10 | LB_小小leo · first_building Castle |
| 24:20 | 一拍车拍死你全家 · first_building Castle |
| 24:25 | 喜多川海梦 · first_building Barracks |
| 25:25 | LB_小小leo · first_building Monastery |
| 25:31 | 喜多川海梦 · first_building Stable |
| 25:57 | 一拍车拍死你全家 · first_building Barracks |
| 26:43 | Up1set · first_market_sell 100 wood |
| 27:01 | Up1set · first_building Monastery |
| 27:29 | Tsukitech · first_building Castle |
| 27:44 | 傲娇 · age_up imperial |
| 28:06 | Up1set · first_building Barracks |
| 28:12 | Up1set · first_building Siege Workshop |
| 28:16 | 一拍车拍死你全家 · first_building Stable |
| 28:50 | LB_小小leo · first_building Siege Workshop |
| 28:59 | Tsukitech · first_building Barracks |
| 29:05 | Up1set · first_building Stable |
| 29:45 | LB_小小leo · age_up imperial |
| 29:50 | 喜多川海梦 · age_up imperial |
| 30:40 | 一拍车拍死你全家 · age_up imperial |
| 32:21 | 一拍车拍死你全家 · first_building Archery Range |
| 32:31 | Up1set · age_up imperial |
| 32:32 | Tsukitech · age_up imperial |
| 35:19 | Tsukitech · first_building Archery Range |
| 35:55 | LB_小小leo · first_building Barracks |
| 36:12 | Tsukitech · first_building Stable |
| 37:18 | 喜多川海梦 · first_building Siege Workshop |
| 37:53 | LB_小小leo · first_building Archery Range |
| 38:00 | Tsukitech · first_building Siege Workshop |
| 38:21 | 傲娇 · tribute_sent a jugador 1 |
| 38:21 | 傲娇 · tribute_sent a jugador 2 |
| 38:21 | 傲娇 · tribute_sent a jugador 3 |
| 38:21 | 傲娇 · tribute_sent a jugador 4 |
| 38:21 | 傲娇 · tribute_sent a jugador 6 |
| 39:03 | Up1set · first_market_buy 100 food |
| 39:42 | 一拍车拍死你全家 · first_market_buy 100 wood |
| 43:55 | 喜多川海梦 · first_building Castle |
| 44:06 | 傲娇 · first_market_sell 100 wood |
| 51:59 | Up1set · first_building Archery Range |
| 53:50 | Tsukitech · resign |
[ AI ANALYSIS · 1 CREDIT ]
What really happened in this match?
Wolo.gg analyzes every decision: build order, eco, micro, common mistakes by bracket. Personalized analysis on WhatsApp or Discord in 30 seconds.
Civ guide
Lithuanians
Map guide
Arena
Perfil
Jugador #23317708